cohdb
Replays
Latest Replays
All Replays
Popular Replays
Top Player Replays
Match Explorer
How It Works
Community
CoH3 Stats
Reddit
Sign in to upload your games and track your stats! →
Sign in with Steam
Match 43699367
Unlisted
Match 43699367
Overview
Messages
Build Orders
End
Construct Barracks
Riflemen Squad
Riflemen Squad
M1 Mortar Team
Infantry Support Center
Riflemen Squad
Construct Weapon Support Center
M3 Armored Personnel Carrier
M3 Armored Personnel Carrier
Selects Heavy Weapons
Selects Assault Carriers
Selects Exchangeable Parts
Engineer Squad
M1918 Browning Automatic Rifles
Grenade Package
Engineer Squad
Riflemen Squad
Forward Retreat Point
Advanced Logistics
Construct Tank Depot
M18 Hellcat Tank Destroyer
admiral_gnar
Obelix
11111
Ravenor
thidea2
Virgile
wheeeman25
Mr. Burk
0
0
Comments
sign in to comment!
No comments posted yet!